 Dungeon Crawl Stone Soup version 0.29-a0-723-gce39da1c22 (webtiles) character file.

Game seed: 8298794728699741591

114 bande the Covered (level 4, -12/29 HPs)
             Began as a Gargoyle Fighter on June 28, 2022.
             Killed by divine providence
             ... invoked by an orc priest
              (16 damage)
             ... on level 3 of the Dungeon.
             The game lasted 00:03:55 (3192 turns).

bande the Covered (Gargoyle Fighter)                Turns: 3192, Time: 00:03:56

Health: -12/29     AC: 11    Str: 19    XL:     4   Next: 97%
Magic:  13/13      EV:  9    Int:  9    God:
Gold:   41         SH:  4    Dex: 11    Spells: 3/3 levels left

rFire   . . .      SeeInvis .   a - +0 war axe
rCold   . . .      Faith    .   c - +0 buckler
rNeg    + . .      Spirit   .   b - +0 scale mail
rPois   ∞          Reflect  .   (no helmet)
rElec   +          Harm     .   f - +0 cloak
rCorr   .          Rampage  .   (no gloves)
Will    .....                   (no boots)
Stlth   ..........              (no amulet)
HPRegen 0.09/turn               h - ring of magical power
MPRegen 0.13/turn               (no ring)

@: no status effects
A: sickness immunity, AC +3, negative energy resistance 1, electricity
resistance, torment resistance 1, petrification resistance
a: no special abilities


You were on level 3 of the Dungeon.
You visited 1 branch of the dungeon, and saw 3 of its levels.

You collected 41 gold pieces.

Inventory:

Hand Weapons
 a - a +0 war axe (weapon)
 l - a +0 morningstar
 m - the +3 falchion "Laonesh" {flame, Will+}
   (You found it on level 2 of the Dungeon)

   It burns those it strikes, dealing additional fire damage.
   Big, fiery blades are also staple armaments of hydra-hunters.
   Will:      It increases your willpower.
Armour
 b - a +0 scale mail (worn)
 c - a +0 buckler (worn)
 f - a +0 cloak (worn)
Jewellery
 h - a ring of magical power (left hand)
Scrolls
 e - a scroll of magic mapping {unknown}
 g - 4 scrolls of identify
 j - a scroll of silence
Potions
 d - a potion of might
 i - a potion of haste
 n - a potion of heal wounds


   Skills:
 + Level 3.8 Fighting
 + Level 3.3 Axes
 + Level 4.0 Armour
 + Level 3.9 Shields


You had 3 spell levels left.
You didn't know any spells.
Your spell library contained the following spells:

 Spells                   Type           Power      Damage    Failure   Level
 Gell's Gravitas          Tloc           0%         N/A       99%         3
 Lesser Beckoning         Tloc           0%         N/A       99%         3
 Teleport Other           Tloc           0%         N/A       99%         3


Dungeon Overview and Level Annotations

Branches:
Dungeon (3/15)

Altars:

Shops:
D:2 (*[*(


Innate Abilities, Weirdness & Mutations

You are immune to sickness and miasma.
Your stone body is resilient. (AC +3)
You are immune to poison.
You resist negative energy. (rN+)
You are resistant to electric shocks. (rElec)
You are resistant to unholy torment.
You are immune to petrification.


Message History

Found 18 gold pieces.
The orc hits you with a +0 short sword.
The orc priest begins to cast a cantrip, but forgets the words!
You block the orc's attack.
You barely miss the orc priest. You closely miss the orc.
You hit the orc but do no damage.
The orc priest hits you but does no damage.
You hit the orc priest but do no damage.
You hit the orc. You closely miss the orc. You hit the orc.
The orc priest begins to cast a cantrip, but forgets the words!
The orc misses you. The orc barely misses you.
The orc hits you with a +0 short sword.
The orc priest hits you but does no damage.
The orc hits you with a +0 short sword. The orc barely misses you.
The orc closely misses you. The orc hits you but does no damage.
You slash the orc priest!
The orc priest is severely wounded.
You hit the orc but do no damage. You hit the orc.
You kill the orc!
You slash the orc!
You kill the orc!
You hit the orc.
You kill the orc!
The orc priest hits you with a +0 dagger.
The orc hits you but does no damage.
Your Armour skill increases to level 4!
You hit the orc priest but do no damage.
The orc priest is severely wounded.
You hit the orc.
The orc priest calls down the wrath of Beogh upon you.
Beogh smites you!
* * * LOW HITPOINT WARNING * * *
The orc closely misses you.
You hit the orc priest but do no damage.
The orc priest is severely wounded.
You hit the orc.
You kill the orc!
The orc priest invokes the aid of Beogh against you.
Beogh smites you!
Ouch! That really hurt!
You die...

#####...##.....
#.........#
#.........# #
#.........# .#
#.....)...# .# #
#.........#####.#.###
#....................
#............))......
######.>##...@o......
#####...)).....$
#......:....
#..!........
#...........
######.#.### .#.# .#
#


You could see an orc priest.

Vanquished Creatures
  4 gnolls
  2 adders (D:2)
  A worm (D:2)
  A dart slug (D:1)
  4 orcs (D:3)
  A ball python (D:2)
  5 endoplasms
  5 giant cockroaches
  3 goblins
  4 hobgoblins
  4 jackals (D:1)
  5 bats
  3 frilled lizards
  6 kobolds
  A rat (D:1)
49 creatures vanquished.

Vanquished Creatures (others)
  2 plants (D:2)
2 creatures vanquished.

Grand Total: 51 creatures vanquished

Notes
Turn   | Place    | Note
-------+----------+-------------------------------------------
     0 | D:1      | bande the Gargoyle Fighter began the quest for the Orb.
     0 | D:1      | Reached XP level 1. HP: 14/14 MP: 1/1
    36 | D:1      | Found a faded altar of an unknown god.
   251 | D:1      | Reached XP level 2. HP: 19/19 MP: 2/2
   547 | D:1      | Reached XP level 3. HP: 23/23 MP: 3/3
   940 | D:2      | Found Idotti Geok's Assorted Antiques.
   947 | D:2      | Identified the +3 falchion "Laonesh" {flame, Will+}
  1016 | D:1      | HP: 1/24 [gnoll/+0 flail (4)]
  1509 | D:1      | Reached XP level 4. HP: 13/29 MP: 4/4
  2765 | D:2      | Found Seereb's Weapon Shop.
  2940 | D:2      | Found Cocsof's Weapon Emporium.
  2970 | D:2      | Found Faanaiwk's Antique Armour Shop.
  2984 | D:2      | Found Piobrak's Assorted Antiques.
  3191 | D:3      | Reached skill level 4 in Armour
  3192 | D:3      | Killed from afar by an orc priest

Illustrated notes

Levels and vault maps discovered:
D:1:      lightli_arrival_maybe_door_vault, layout_loops_ring,
          chequers_ecumenical_altar_island
D:2:      layout_basic, serial_shops, nicolae_shop_waterfront,
          nicolae_square_shop, shop_statue, nicolae_diamond_shop,
          nicolae_shop_overgrown_old_shop, minmay_domino_2
D:3:      layout_basic, grunt_ministairs_9, minmay_fountain_box

Skill      XL: |  1  2  3  4 |
---------------+-------------+-----
Axes           | 2 3 |  3.3
Armour         | 4 |  4.0
Fighting       | |  3.8
Shields        | |  3.9

Action                   |  1- 3 |  4- 6 || total
-------------------------+-------+-------++-------
Melee: War axe           |   104 |    61 ||   165
  Use: Scroll            |       |     5 ||     5
Armor: Scale mail        |    63 |    31 ||    94
Dodge: Dodged            |    64 |    31 ||    95
Block: Buckler           |    28 |    15 ||    43

Table legend: (Time is in decaauts)
 A = Elapsed time spent in this place.
 B = Non-inter-level travel time spent in this place.
 C = Inter-level travel time spent in this place.
 D = Time resting spent in this place.
 E = Time spent auto-exploring this place.
 F = Levels seen in this place.
 G = Mean time per level.
                   A        B        C        D        E       F      G
               +--------+--------+--------+--------+--------+-----+--------+
         Total |   3266 |   3247 |     19 |   1252 |   1528 |   3 | 1088.7 |
       Dungeon |   3266 |   3247 |     19 |   1252 |   1528 |   3 | 1088.7 |
               +--------+--------+--------+--------+--------+-----+--------+

Top non-repeatable levels by time:
     D:1: 1864 daAuts
     D:2: 1335 daAuts
     D:3: 65 daAuts
